 Dungeon Crawl Stone Soup version 0.29.1-15-g9cfb28693d (webtiles) character file.

Game seed: 2122602822884468714

728 Smoke131 the Trooper (level 7, -10/74 HPs)
             Began as an Ogre Gladiator on Mar 6, 2023.
             Was an Initiate of Gozag.
             Mangled by a gnoll sergeant
             ... wielding a +0 spear
              (12 damage)
             ... on level 4 of the Dungeon.
             The game lasted 00:13:11 (6330 turns).

Smoke131 the Trooper (Ogre Gladiator)               Turns: 6330, Time: 00:13:11

Health: -10/74     AC:  4    Str: 21    XL:     7   Next: 72%
Magic:  7/7        EV: 10    Int:  9    God:    Gozag
Gold:   121        SH:  0    Dex: 10    Spells: 6/6 levels left

rFire   . . .      SeeInvis .   a - +0 trident
rCold   . . .      Faith    .   (no shield)
rNeg    . . .      Spirit   .   b - +0 robe
rPois   +          Reflect  .   c - +0 hat
rElec   .          Harm     .   i - +0 cloak
rCorr   .          Rampage  .   (gloves unavailable)
Will    .....                   (boots unavailable)
Stlth   +.........              (no amulet)
HPRegen 0.22/turn               y - ring of poison resistance
MPRegen 0.10/turn               (no ring)

@: about to teleport, attractive
A: large, unfitting armour, tough skin 1
a: Renounce Religion, Potion Petition, Call Merchant, Bribe Branch


You were on level 4 of the Dungeon.
You worshipped Gozag.
Gozag was aware of your devotion.
You visited 1 branch of the dungeon, and saw 5 of its levels.
You also visited: Sewer.

You collected 414 gold pieces.
You spent 190 gold pieces at shops.
You paid 103 gold pieces to Gozag.

Inventory:

Hand Weapons
 a - a +0 trident (weapon)
Missiles
 d - 3 throwing nets
 e - 4 large rocks (quivered)
 j - 40 stones
Armour
 b - a +0 robe (worn)
 c - a +0 hat (worn)
 i - a +0 cloak (worn)
Jewellery
 n - an amulet of magic regeneration
 y - a ring of poison resistance (left hand)
Scrolls
 f - a scroll of torment
 g - a scroll of fog
 l - a scroll of blinking
 m - 2 scrolls of vulnerability
 p - a scroll of identify
 q - a scroll of teleportation
 s - a scroll of magic mapping
 v - 4 scrolls of enchant weapon {unknown}
 w - 2 scrolls of brand weapon {unknown}
 x - a scroll of fear {unknown}
Potions
 h - a potion of resistance
 k - a potion of brilliance
 o - 2 potions of curing
 t - a potion of ambrosia
 u - a potion of mutation


   Skills:
 + Level 5.9 Fighting
 + Level 5.0 Polearms
 + Level 4.4 Throwing
 + Level 3.1 Armour
 - Level 3.0 Dodging


You had 6 spell levels left.
You didn't know any spells.
Your spell library contained the following spells:

 Spells                   Type           Power      Damage    Failure   Level
 Freeze                   Ice            0%         1d3       38%         1
 Sandblast                Erth           0%         2d4       38%         1
 Passwall                 Tmut/Erth      0%         N/A       52%         2
 Scorch                   Fire           0%         2d5       52%         2
 Frozen Ramparts          Ice            0%         1d1       77%         3
 Stone Arrow              Conj/Erth      0%         3d7       77%         3
 Flame Wave               Conj/Fire      0%         2d4       99%         4
 Hailstorm                Conj/Ice       0%         3d3       99%         4
 Summon Ice Beast         Ice/Summ       0%         N/A       99%         4
 Summon Cactus Giant      Summ           0%         N/A       100%        6
 Haunt                    Necr/Summ      0%         N/A       100%        7


Dungeon Overview and Level Annotations

Branches:
Dungeon (5/15)             Temple (0/1) D:4           Sewer (visited)

Altars:
Gozag
Makhleb
Ru
Sif Muna
Yredelemnul
Zin
The Shining One

Shops:
D:2 ?[?=   D:4 **

Annotations:
D:3 2 transporters, Robin; workbot's ghost, amateur MiBe


Innate Abilities, Weirdness & Mutations

You are too large for most types of armour.
You have tough skin. (AC +1)


Message History

The gnoll sergeant hits you with a +0 spear!
You are too injured to fight recklessly!
You are too injured to fight recklessly!
You hit the gnoll sergeant.
The gnoll sergeant is moderately wounded.
The gnoll sergeant hits you with a +0 spear!
The gnoll sergeant blocks your attack.
The gnoll sergeant is moderately wounded.
The gnoll sergeant barely misses you.
You hit the gnoll sergeant.
You punch the gnoll sergeant, but do no damage.
The gnoll sergeant is heavily wounded.
The gnoll sergeant hits you with a +0 spear!
You hit the gnoll sergeant.
The gnoll sergeant is heavily wounded.
The gnoll sergeant completely misses you.
You hit the gnoll sergeant but do no damage.
The gnoll sergeant is heavily wounded.
The gnoll sergeant hits you with a +0 spear!
* * * LOW HITPOINT WARNING * * *
It was a potion of attraction.
You feel attractive to monsters.
The gnoll sergeant hits you with a +0 spear!
* * * LOW HITPOINT WARNING * * *
As you read the scroll of teleportation, it crumbles to dust.
You feel strangely unstable.
The gnoll sergeant hits you with a +0 spear.
* * * LOW HITPOINT WARNING * * *
The gnoll sergeant attacks as you move away!
The gnoll sergeant barely misses you.
The gnoll sergeant hits you from afar with a +0 spear.
* * * LOW HITPOINT WARNING * * *
The gnoll sergeant is attracted toward you.
The gnoll sergeant hits you from afar with a +0 spear.
* * * LOW HITPOINT WARNING * * *
The gnoll sergeant is attracted toward you.
The gnoll sergeant attacks as you move away!
The gnoll sergeant hits you with a +0 spear!
You die...
Your body crumbles into a pile of gold.

#.#..PPP.P..#####
########.#.PP....P.....#
.∩.........PP.8..P.....#
..########.PP...PP.###.#
.#.....# #..P..PP......#
.#.###.# #...PP...########
.#.....###.#.............#
.............§>##.....##.#
##.##..###.##.§g@.....'..#
#####..# #.##..##.....#### ≈_#
#..###.##..##.##### #.#
#......##..##.# '.#
#.#######..##.#############
#.###.##.......##.##..........#
~_#...##.#...#.##..#.#######.##
########.#.#.#.###.#.#.......#
##.........#.#.# #.#.#.####..#


You could see a gnoll sergeant.

Vanquished Creatures
  Sigmund (D:3)
  An ogre (D:2)
  2 bullfrogs (Sewer)
  A jelly (D:4)
  A hound (D:4)
  Jessica (D:2)
  An iguana (D:3)
  Terence (D:3)
  2 orc wizards (D:4)
  A gnoll (D:5)
  7 adders
  2 dart slugs
  2 orcs
  7 ball pythons
  9 endoplasms
  16 giant cockroaches
  13 goblins
  4 hobgoblins
  7 quokkas
  6 bats
  11 frilled lizards
  4 kobolds
  7 rats
107 creatures vanquished.

Vanquished Creatures (others)
  11 fungi (D:5)
  6 plants (D:3)
17 creatures vanquished.

Grand Total: 124 creatures vanquished

Notes
Turn   | Place    | Note
-------+----------+-------------------------------------------
     0 | D:1      | Smoke131 the Ogre Gladiator began the quest for the Orb.
     0 | D:1      | Reached XP level 1. HP: 22/22 MP: 1/1
   331 | D:1      | Reached XP level 2. HP: 29/29 MP: 2/2
   365 | D:1      | Found a faded altar of an unknown god.
   986 | D:2      | Found Ciabb's Antique Armour Shop.
  1062 | D:2      | Reached XP level 3. HP: 33/37 MP: 3/3
  1111 | D:2      | Found Zounat's Magic Scroll Shop.
  1118 | D:2      | Noticed Jessica
  1152 | D:2      | Killed Jessica
  1153 | D:2      | Reached skill level 1 in Armour
  1153 | D:2      | Reached XP level 4. HP: 10/45 MP: 4/4
  1399 | D:2      | Found Woazxy's Magic Scroll Emporium.
  1404 | D:2      | Bought a scroll of identify for 24 gold pieces
  1404 | D:2      | Bought a scroll of identify for 24 gold pieces
  1686 | D:2      | Found Cyruiq's Jewellery Shoppe.
  1946 | D:2      | Noticed an ogre
  1956 | D:2      | Killed an ogre
  1957 | D:2      | Reached XP level 5. HP: 33/54 MP: 5/5
  2182 | D:3      | Noticed Robin
  2182 | D:3      | Noticed Terence
  2631 | D:3      | Reached XP level 6. HP: 23/63 MP: 6/6
  2663 | D:3      | Found a glowing drain.
  2668 | Sewer    | Entered a sewer
  3662 | Sewer    | Reached skill level 5 in Fighting
  4122 | D:3      | Found a burning altar of Makhleb.
  4141 | D:3      | Found a sacrificial altar of Ru.
  4188 | D:3      | Found a glowing golden altar of the Shining One.
  4199 | D:3      | Found a shimmering blue altar of Sif Muna.
  4276 | D:3      | Noticed Sigmund
  4281 | D:3      | Killed Sigmund
  4282 | D:3      | Reached XP level 7. HP: 47/72 MP: 7/7
  4638 | D:3      | Found a transporter.
  4845 | D:3      | Killed Terence
  4871 | D:3      | Noticed workbot's ghost (amateur MiBe)
  4948 | D:3      | Found a transporter.
  5277 | D:4      | Found an opulent altar of Gozag.
  5312 | D:4      | Became a worshipper of Gozag Ym Sagoz the Greedy
  5675 | D:4      | Found Hueroech's Assorted Antiques.
  6004 | D:4      | Found a staircase to the Ecumenical Temple.
  6012 | D:4      | Got Huhudd's Cyclopedia of Called Shadows
  6038 | D:4      | Found Qaqotril's CLEARANCE SALE!.
  6044 | D:4      | Reached skill level 5 in Polearms
  6052 | D:4      | Bought a scroll of teleportation for 12 gold pieces
  6130 | D:4      | Found a glowing silver altar of Zin.
  6130 | D:4      | Found a basalt altar of Yredelemnul.
  6190 | D:4      | Bought a notched wooden ring for 130 gold pieces
  6205 | D:5      | Entered Level 5 of the Dungeon
  6329 | D:4      | HP: 2/74 [gnoll sergeant/+0 spear (3)]
  6330 | D:4      | Mangled by a gnoll sergeant

Illustrated notes

Levels and vault maps discovered:
D:1:      elethiomel_arrival_infinity_welcomes_careful_drivers, layout_basic,
          hellmonk_ecumenical_altar_zigzags, serial_aquarium,
          aquarium_bridge_square [aquarium_subvault_bridge,
          aquarium_subvault_balcony, aquarium_subvault_wall,
          aquarium_subvault_window], aquarium_window_1, aquarium_window_1,
          aquarium_view_2e, aquarium_view_2a, eino_curves_02
D:2:      layout_rooms, serial_shops, shop, shop, nicolae_diamond_shop,
          nicolae_shop_temple_entry_statues_fountains, minmay_puff, uniq_jessica
D:3:      layout_loops_ring, nicolae_overflow_quartered_altars,
          portal_sewer_entry_e, gammafunk_ghost_gnarly_gnolls, uniq_sigmund,
          uniq_robin, uniq_terence
D:4:      layout_basic, grunt_gozag_breadcrumbs,
          gammafunk_temple_overflow_elements, minmay_temple_entry_offerings,
          serial_shops, shop, dreamdust_mushroom_princess,
          nicolae_shop_clearance
D:5:      layout_gridville, lemuel_zombie_altar_kikubaaqudgha,
          mainiacjoe_overflow_chevrons

Skill      XL: |  1  2  3  4  5  6  7 |
---------------+----------------------+-----
Fighting       | 3 4 5 |  5.9
Dodging        | 3 |  3.0
Armour         | 1 2 3 |  3.1
Throwing       | 3 4 |  4.4
Polearms       | 4 5 |  5.0

Action                   |  1- 3 |  4- 6 |  7- 9 || total
-------------------------+-------+-------+-------++-------
Melee: Trident           |    67 |   211 |    77 ||   355
       Punch             |     2 |     2 |     3 ||     7
Throw: Throwing net      |     1 |     1 |       ||     2
       Large rock        |     1 |     9 |     4 ||    14
  Use: Scroll            |       |     7 |     6 ||    13
       Potion            |       |       |     1 ||     1
 Stab: Sleeping          |       |     2 |       ||     2
Armor: Robe              |    34 |    64 |    15 ||   113
Dodge: Dodged            |    43 |   100 |    36 ||   179
